 Dungeon Sprint DCSS version 0.30-a0-218-gedb9141078 (webtiles) character file.

Game seed: 10577872859886143114

407 BigDaddyOpFi the Protected (level 6, -5/63 HPs)
             Began as a Minotaur Fighter on Oct 5, 2022.
             Was an Initiate of Hepliaklqana.
             Slain by a troll (12 damage)
             ... in the Dungeon (Sprint IX: "|||||||||||||||||||||||||||||").
             The game lasted 00:01:09 (351 turns).

BigDaddyOpFi the Protected (Minotaur Fighter)        Turns: 351, Time: 00:01:10

Health: -5/63      AC: 11    Str: 22    XL:     6   Next: 57%
Magic:  5/5        EV: 12    Int:  8    God:    Hepliaklqana [......]
Gold:   0          SH:  6    Dex: 10    Spells: 5/5 levels left

rFire   . . .      SeeInvis .    n - +1 broad axe (freeze)
rCold   . . .      Faith    .    c - +0 buckler
rNeg    . . .      Spirit   .    p - +2 ring mail
rPois   .          Reflect  .    (helmet restricted)
rElec   .          Harm     .    (no cloak)
rCorr   .          Rampage  .    a - +0 pair of gloves
Will    .....      NoTele   +    o - +0 pair of boots
Stlth   ..........               (no amulet)
HPRegen 0.30/turn                q - +2 ring of evasion
MPRegen 0.09/turn                r - +3 ring of intelligence

@: slowed, very slow
A: horns 2, retaliatory headbutt
a: Renounce Religion


You were in the Dungeon.
You worshipped Hepliaklqana.
Hepliaklqana was noncommittal.
You visited 1 branch

Inventory:

Hand Weapons
 n - a +1 broad axe of freezing (weapon)
Armour
 a - a +0 pair of gloves (worn)
 c - a +0 buckler (worn)
 o - a +0 pair of boots (worn)
 p - a +2 ring mail (worn)
Jewellery
 q - a +2 ring of evasion (left hand)
 r - a +3 ring of intelligence (right hand)
Wands
 m - a wand of quicksilver (9) (quivered)
Scrolls
 j - 2 scrolls of blinking
 l - 2 scrolls of amnesia
Potions
 d - a potion of might
 e - 5 potions of curing
 f - a potion of invisibility
 g - a potion of haste
 h - 4 potions of magic
 i - a potion of berserk rage
 k - 2 potions of heal wounds


   Skills:
 + Level 9.3 Fighting
 + Level 8.8 Axes
 + Level 9.3 Armour
 + Level 9.3 Shields


You had 5 spell levels left.
You didn't know any spells.
Your spell library was empty.

Dungeon Overview and Level Annotations

Branches:
Dungeon (1/1)

Altars:
Cheibriados
Dithmenos
Elyvilon
Fedhas
Gozag
Hepliaklqana
Kikubaaqudgha
Makhleb
Nemelex Xobeh
Okawaru
Qazlal
Ru
Sif Muna
Trog
Uskayaw
Vehumet
Wu Jian
Xom
Yredelemnul
Zin
The Shining One
Jiyva
Lugonu


Innate Abilities, Weirdness & Mutations

You have a pair of horns on your head.
You reflexively headbutt those who attack you in melee.


Message History

Your Shields skill increases to level 8!
You have reached level 6!
Unknown command.
Aiming: Quicksilver Bolt
Press: ? - help, Q - select action Shift-Dir - straight line, f - troll
Aim: a troll (71% to hit)
The bolt of dispelling energy hits the acid dragon!
The acid dragon is heavily wounded.
The bolt of dispelling energy misses the troll.
The bolt of dispelling energy hits the orc wizard!
The orc wizard is almost dead.
The bolt of dispelling energy hits the killer bee!
The killer bee is almost dead.
The bolt of dispelling energy hits the troll!
The troll is moderately wounded.
The orc wizard casts a spell.
The orc wizard flickers and vanishes!
Deactivating autopickup; reactivate with Ctrl-A.
The acid dragon closely misses you. You furiously retaliate!
You headbutt the acid dragon. The acid dragon closely misses you.
You block the acid dragon's attack. The acid dragon claws you.
Unknown command.
You slice the acid dragon!! You freeze the acid dragon.
You kill the acid dragon!
The troll bites you. You block the troll's attack. The troll claws you!
Your Fighting skill increases to level 9!
Your Armour skill increases to level 9!
Your Shields skill increases to level 9!
You hit the troll. You freeze the troll. Your headbutt misses the troll.
The troll is lightly wounded.
The troll completely misses you. The troll claws you. x2
* * * LOW HITPOINT WARNING * * *
Unknown command.
You slash the troll! You freeze the troll. You headbutt the troll!
The troll is severely wounded.
You block the troll's attack. The troll claws you but does no damage.
The troll claws you!
* * * LOW HITPOINT WARNING * * *
The troll bites you!
You die... ▓▓▓▓▓▓▓▓▓▓▓▓▓▓▓▓▓▓▓▓▓▓▓▓ _______'..).....@T.yT... ▓▓▓▓▓▓▓▓▓▓▓▓▓▓▓▓▓▓▓▓▓▓▓▓

You could see 2 trolls and a killer bee.

Vanquished Creatures
  A wraith (D)
  An acid dragon (D)
  An ogre (D)
  2 iguanas (D)
  An ufetubus (D)
  An orc (D)
  A bat (D)
  An endoplasm (D)
  A goblin (D)
  A hobgoblin (D)
  A rat (D)
12 creatures vanquished.

Notes
Turn   | Place    | Note
-------+----------+-------------------------------------------
     0 | D        | BigDaddyOpFi the Minotaur Fighter began the quest for the
                  | Orb.
     0 | D        | Reached XP level 1. HP: 19/19 MP: 0/0
    32 | D        | Noticed an iguana
    32 | D        | Noticed an iguana
    32 | D        | Noticed an ogre
    35 | D        | HP: 1/20 [iguana (4)]
    44 | D        | Killed an iguana
    45 | D        | Reached skill level 5 in Fighting
    45 | D        | Reached skill level 5 in Armour
    45 | D        | Reached skill level 5 in Shields
    45 | D        | Reached XP level 2. HP: 12/29 MP: 1/1
    45 | D        | Reached XP level 3. HP: 16/36 MP: 2/2
    46 | D        | Reached skill level 5 in Axes
    49 | D        | Killed an ogre
    50 | D        | Reached XP level 4. HP: 15/47 MP: 3/3
    50 | D        | Reached XP level 5. HP: 17/52 MP: 4/4
    62 | D        | Found a snail-covered altar of Cheibriados.
    62 | D        | Found a shadowy altar of Dithmenos.
    62 | D        | Found a white marble altar of Elyvilon.
    62 | D        | Found a blossoming altar of Fedhas.
    62 | D        | Found an opulent altar of Gozag.
   169 | D        | Found a hazy altar of Hepliaklqana.
   174 | D        | Found a viscous altar of Jiyva.
   263 | D        | Found an ancient bone altar of Kikubaaqudgha.
   264 | D        | Found a corrupted altar of Lugonu.
   265 | D        | Found a burning altar of Makhleb.
   266 | D        | Found a sparkling altar of Nemelex Xobeh.
   267 | D        | Found an iron altar of Okawaru.
   268 | D        | Found a stormy altar of Qazlal.
   269 | D        | Found a sacrificial altar of Ru.
   271 | D        | Became a worshipper of Hepliaklqana the Forgotten
   273 | D        | Found a shimmering blue altar of Sif Muna.
   274 | D        | Found a bloodstained altar of Trog.
   275 | D        | Found a hide-covered altar of Uskayaw.
   276 | D        | Found a radiant altar of Vehumet.
   277 | D        | Found an ornate altar of the Wu Jian Council.
   278 | D        | Found a shimmering altar of Xom.
   279 | D        | Found a basalt altar of Yredelemnul.
   280 | D        | Found a glowing silver altar of Zin.
   281 | D        | Found a glowing golden altar of the Shining One.
   336 | D        | Noticed a wraith
   336 | D        | Noticed an acid dragon
   336 | D        | Noticed a troll
   336 | D        | Noticed a troll
   347 | D        | Killed a wraith
   348 | D        | Reached XP level 6. HP: 35/62 MP: 5/5
   349 | D        | Killed an acid dragon
   351 | D        | Slain by a troll

Illustrated notes

Levels and vault maps discovered:
D:        linesprint [early_d, line_temple, items_1, d_10, items_2, lair_1,
          lair_end, items_3, orc_1, orc_end, items_4, d_15, swamp_1, shoals_1,
          snake_1, spider_1, d_20, vaults_1, items_5, swamp_end, shoals_end,
          snake_end, spider_end, vaults_end, d_27, items_6, zot_1, zot_end,
          crypt_end, forest_end, elf_end, slime_end, tomb_end, abyss_end,
          pan_hell_end]

Skill      XL: |  1  2  3  4  5  6 |
---------------+-------------------+-----
Fighting       | 5 7 8 9 |  9.3
Axes           | 4 6 8 |  8.8
Armour         | 5 7 8 9 |  9.3
Shields        | 5 7 8 9 |  9.3

Action                   |  1- 3 |  4- 6 || total
-------------------------+-------+-------++-------
Melee: War axe           |    24 |     6 ||    30
       Headbutt          |     3 |     2 ||     5
       Broad axe         |       |    14 ||    14
Evoke: Wand              |       |     1 ||     1
  Use: Potion            |     1 |       ||     1
Armor: Scale mail        |     6 |     5 ||    11
       Ring mail         |       |     5 ||     5
Dodge: Dodged            |     8 |     8 ||    16
Block: Buckler           |     5 |     5 ||    10

Table legend: (Time is in decaauts)
 A = Elapsed time spent in this place.
 B = Non-inter-level travel time spent in this place.
 C = Inter-level travel time spent in this place.
 D = Time resting spent in this place.
 E = Time spent auto-exploring this place.
 F = Levels seen in this place.
 G = Mean time per level.
                   A        B        C        D        E       F      G
               +--------+--------+--------+--------+--------+-----+--------+
         Total |    366 |    366 |      0 |    215 |      0 |   1 |  366.0 |
       Dungeon |    366 |    366 |      0 |    215 |      0 |   1 |  366.0 |
               +--------+--------+--------+--------+--------+-----+--------+

Top non-repeatable levels by time:
       D: 366 daAuts
